[ PARTIDA AOE2 · #478925826 ]
UnrankedRomanos vs Khitans
[ ANÁLISIS DE REPETICIÓN · EXTRAÍDO DE LA PARTIDA GRABADA ]
Feudal
11:36
Castillos
21:32
Imperial
48:12
| APM promedio | 41.2 |
| APM pico | 89 |
| eAPM promedio | 19.5 |
| Aldeanos / militares | 192 / 301 |
Foco
⚔️ 43.2% · 🌾 56.8%
Centurion ×76 · Scout Cavalry ×71 · Spearman ×58 · Knight ×49 · Scorpion ×41 · Trebuchet (Packed) ×4
Feudal
12:34
Castillos
23:49
Imperial
40:24
| APM promedio | 44.2 |
| APM pico | 86 |
| eAPM promedio | 20.7 |
| Aldeanos / militares | 184 / 266 |
Foco
⚔️ 46.7% · 🌾 53.3%
Cavalry Archer ×84 · Scout Cavalry ×79 · Unknown (1920) ×72 · Steppe Lancer ×51 · Camel Scout ×24 · Battering Ram ×18
Feudal
14:34
Castillos
18:38
Imperial
64:03
| APM promedio | 33.0 |
| APM pico | 66 |
| eAPM promedio | 17.8 |
| Aldeanos / militares | 223 / 162 |
Foco
⚔️ 31.3% · 🌾 68.7%
Camel Archer ×106 · Scout Cavalry ×54 · Trebuchet (Packed) ×2
Feudal
13:37
Castillos
18:29
Imperial
51:39
| APM promedio | 52.9 |
| APM pico | 116 |
| eAPM promedio | 22.9 |
| Aldeanos / militares | 276 / 165 |
Foco
⚔️ 41.8% · 🌾 58.2%
Conquistador ×79 · Spearman ×59 · Missionary ×9 · Bombard Cannon ×9 · Trebuchet (Packed) ×7 · Mangonel ×2
Feudal
13:24
Castillos
16:54
Imperial
56:05
| APM promedio | 25.7 |
| APM pico | 55 |
| eAPM promedio | 15.3 |
| Aldeanos / militares | 180 / 294 |
Foco
⚔️ 30.6% · 🌾 69.4%
Camel Scout ×133 · Scout Cavalry ×69 · Ghulam ×45 · Hand Cannoneer ×28 · Petard ×6 · Scorpion ×5
Feudal
13:17
Castillos
27:46
Imperial
57:42
| APM promedio | 37.3 |
| APM pico | 77 |
| eAPM promedio | 21.6 |
| Aldeanos / militares | 275 / 272 |
Foco
⚔️ 42.4% · 🌾 57.6%
Spearman ×119 · Cavalry Archer ×62 · Magyar Huszar ×45 · Archer ×22 · Monk ×17 · Trebuchet (Packed) ×7
Mapa de la partida
Recursos iniciales + cada clic de construcción. Líneas = muros · curvas = relieve. ◆ oro · ⬟ piedra · ● bayas · ✦ reliquia · ◌ hueco del cierre
Tu base· Abierta — flanco sin cerrar
Base de _kuranes· Abierta — flanco sin cerrar
Base de JR | Original Poringo· Abierta — hueco de 14t
Base de TeamCandy· Abierta — flanco sin cerrar
Base de StarOfDeath· Abierta — flanco sin cerrar
Base de Isaquiles· Abierta — hueco de 9t
Terreno inicial suavizado · ◌ = hueco del cierre detectado · pasá el cursor para detalles
Inputs por minuto
— JR | Cerbs98 - - _kuranes
Build order — JR | Cerbs98
Primeras 150 de 698 acciones detectadas
| 0:08 | Construir | Town Center |
| 1:50 | Construir | House |
| 1:52 | Construir | House |
| 2:20 | Crear | Villager (Male) |
| 2:21 | Crear | Villager (Male) |
| 2:21 | Crear | Villager (Male) |
| 2:21 | Crear | Villager (Male) |
| 3:19 | Crear | Villager (Male) |
| 3:20 | Crear | Villager (Male) |
| 4:12 | Crear | Villager (Male) |
| 4:30 | Crear | Villager (Male) |
| 4:34 | Construir | Lumber Camp |
| 4:55 | Crear | Villager (Male) |
| 5:14 | Crear | Villager (Male) |
| 5:14 | Crear | Villager (Male) |
| 5:36 | Crear | Villager (Male) |
| 5:36 | Crear | Villager (Male) |
| 6:09 | Crear | Villager (Male) |
| 6:21 | Crear | Villager (Male) |
| 6:35 | Construir | House |
| 6:37 | Construir | House |
| 6:51 | Crear | Villager (Male) |
| 7:13 | Crear | Villager (Male) |
| 7:43 | Crear | Villager (Male) |
| 8:02 | Construir | Mill |
| 8:14 | Crear | Villager (Male) |
| 8:50 | Investigar | Loom |
| 9:21 | Investigar | Feudal Age |
| 9:22 | Investigar | Feudal Age |
| 10:09 | Construir | Barracks |
| 11:10 | Construir | House |
| 11:12 | Construir | Palisade Wall |
| 11:34 | Crear | Villager (Male) |
| 11:36 | Edad | Edad Feudal |
| 11:38 | Construir | Stable |
| 11:58 | Construir | Farm |
| 11:59 | Construir | Farm |
| 12:03 | Crear | Villager (Male) |
| 12:18 | Crear | Scout Cavalry |
| 12:19 | Crear | Scout Cavalry |
| 12:31 | Crear | Villager (Male) |
| 12:33 | Construir | Farm |
| 12:39 | Construir | Farm |
| 12:40 | Construir | Farm |
| 12:51 | Crear | Scout Cavalry |
| 13:03 | Construir | Farm |
| 13:03 | Crear | Villager (Male) |
| 13:17 | Investigar | Double-Bit Axe |
| 13:18 | Investigar | Double-Bit Axe |
| 13:22 | Construir | House |
| 13:27 | Crear | Villager (Male) |
| 13:28 | Crear | Scout Cavalry |
| 13:34 | Construir | Farm |
| 13:43 | Crear | Scout Cavalry |
| 13:52 | Construir | Palisade Gate |
| 13:55 | Construir | Palisade Wall |
| 13:56 | Construir | Palisade Wall |
| 13:59 | Crear | Villager (Male) |
| 14:01 | Construir | Farm |
| 14:10 | Crear | Villager (Male) |
| 14:17 | Construir | House |
| 14:20 | Construir | Palisade Wall |
| 14:28 | Construir | Farm |
| 14:35 | Crear | Villager (Male) |
| 14:57 | Construir | Farm |
| 14:59 | Crear | Villager (Male) |
| 15:22 | Construir | Farm |
| 15:24 | Crear | Villager (Male) |
| 15:48 | Construir | Mining Camp |
| 15:49 | Crear | Villager (Male) |
| 16:30 | Crear | Villager (Male) |
| 16:53 | Crear | Villager (Male) |
| 17:09 | Construir | House |
| 17:19 | Crear | Villager (Male) |
| 17:27 | Construir | Farm |
| 17:50 | Construir | Farm |
| 17:59 | Crear | Villager (Male) |
| 18:06 | Construir | Blacksmith |
| 18:27 | Crear | Villager (Male) |
| 18:49 | Investigar | Castle Age |
| 19:26 | Construir | Stable |
| 20:14 | Investigar | Horse Collar |
| 20:14 | Investigar | Horse Collar |
| 20:31 | Investigar | Bloodlines |
| 20:32 | Investigar | Scale Barding Armor |
| 20:32 | Investigar | Scale Barding Armor |
| 21:32 | Edad | Edad de los Castillos |
| 21:39 | Crear | Knight |
| 21:39 | Crear | Knight |
| 21:41 | Investigar | Forging |
| 21:51 | Crear | Villager (Male) |
| 21:59 | Construir | Town Center |
| 22:09 | Crear | Villager (Male) |
| 22:11 | Investigar | Gold Mining |
| 22:13 | Crear | Knight |
| 22:25 | Crear | Knight |
| 22:33 | Construir | House |
| 22:34 | Construir | House |
| 23:13 | Construir | Town Center |
| 23:20 | Crear | Knight |
| 23:20 | Crear | Knight |
| 23:40 | Crear | Villager (Male) |
| 23:43 | Crear | Knight |
| 23:45 | Construir | House |
| 23:52 | Crear | Knight |
| 24:06 | Crear | Villager (Male) |
| 24:15 | Crear | Villager (Male) |
| 24:23 | Construir | House |
| 24:34 | Crear | Knight |
| 24:45 | Construir | Farm |
| 25:01 | Construir | Stable |
| 25:04 | Crear | Villager (Male) |
| 25:05 | Crear | Villager (Male) |
| 25:19 | Crear | Knight |
| 25:37 | Crear | Knight |
| 25:37 | Crear | Knight |
| 25:44 | Construir | Mill |
| 25:46 | Construir | Farm |
| 25:47 | Crear | Villager (Male) |
| 25:54 | Construir | Market |
| 25:57 | Crear | Villager (Male) |
| 25:58 | Crear | Villager (Male) |
| 26:21 | Crear | Villager (Male) |
| 26:24 | Crear | Villager (Male) |
| 26:27 | Construir | Mining Camp |
| 26:29 | Crear | Villager (Male) |
| 26:35 | Construir | Farm |
| 26:39 | Construir | Siege Workshop |
| 26:54 | Investigar | Chain Barding Armor |
| 26:54 | Investigar | Chain Barding Armor |
| 27:18 | Construir | Farm |
| 27:19 | Crear | Villager (Male) |
| 27:25 | Crear | Villager (Male) |
| 27:33 | Crear | Villager (Male) |
| 27:50 | Crear | Villager (Male) |
| 28:02 | Construir | Farm |
| 28:03 | Investigar | Heavy Plow |
| 28:04 | Investigar | Heavy Plow |
| 28:06 | Crear | Villager (Male) |
| 28:12 | Crear | Scorpion |
| 28:13 | Crear | Scorpion |
| 28:19 | Crear | Knight |
| 28:21 | Crear | Villager (Male) |
| 28:27 | Construir | House |
| 28:45 | Crear | Knight |
| 28:59 | Crear | Knight |
| 29:01 | Construir | Stable |
| 29:05 | Crear | Knight |
| 29:10 | Construir | Farm |
| 29:13 | Construir | Farm |
Build order — _kuranes
Primeras 150 de 776 acciones detectadas
| 0:36 | Construir | Town Center |
| 1:43 | Construir | House |
| 2:37 | Crear | Villager (Male) |
| 2:38 | Crear | Villager (Male) |
| 2:38 | Crear | Villager (Male) |
| 2:38 | Crear | Villager (Male) |
| 2:39 | Crear | Villager (Male) |
| 3:38 | Construir | Mill |
| 4:07 | Crear | Villager (Male) |
| 4:07 | Crear | Villager (Male) |
| 4:40 | Construir | Palisade Wall |
| 4:45 | Construir | Palisade Wall |
| 4:53 | Crear | Villager (Male) |
| 4:53 | Crear | Villager (Male) |
| 4:54 | Crear | Villager (Male) |
| 4:54 | Investigar | Loom |
| 4:55 | Investigar | Loom |
| 5:12 | Crear | Villager (Male) |
| 5:12 | Crear | Villager (Male) |
| 5:22 | Construir | House |
| 5:38 | Crear | Villager (Male) |
| 5:39 | Crear | Villager (Male) |
| 6:28 | Crear | Villager (Male) |
| 6:28 | Crear | Villager (Male) |
| 6:42 | Crear | Villager (Male) |
| 6:42 | Crear | Villager (Male) |
| 6:46 | Construir | House |
| 7:08 | Crear | Villager (Male) |
| 7:08 | Crear | Villager (Male) |
| 7:09 | Crear | Villager (Male) |
| 7:16 | Construir | House |
| 7:29 | Crear | Villager (Male) |
| 8:15 | Crear | Villager (Male) |
| 8:35 | Crear | Villager (Male) |
| 9:02 | Construir | Lumber Camp |
| 9:02 | Crear | Villager (Male) |
| 9:59 | Crear | Villager (Male) |
| 10:14 | Investigar | Feudal Age |
| 10:14 | Investigar | Feudal Age |
| 11:15 | Construir | Barracks |
| 11:31 | Crear | Villager (Male) |
| 11:44 | Construir | Palisade Wall |
| 11:48 | Construir | House |
| 11:49 | Construir | Palisade Wall |
| 11:52 | Construir | Palisade Gate |
| 12:18 | Construir | Palisade Gate |
| 12:20 | Construir | Palisade Wall |
| 12:34 | Edad | Edad Feudal |
| 12:36 | Crear | Villager (Male) |
| 12:43 | Investigar | Double-Bit Axe |
| 13:10 | Crear | Villager (Male) |
| 13:34 | Construir | Stable |
| 13:42 | Crear | Villager (Male) |
| 14:08 | Crear | Villager (Male) |
| 14:11 | Construir | Stable |
| 14:15 | Crear | Scout Cavalry |
| 14:16 | Crear | Scout Cavalry |
| 14:16 | Crear | Scout Cavalry |
| 14:29 | Crear | Villager (Male) |
| 14:37 | Construir | Mining Camp |
| 14:48 | Construir | House |
| 14:50 | Construir | House |
| 15:03 | Crear | Scout Cavalry |
| 15:04 | Crear | Scout Cavalry |
| 15:08 | Crear | Villager (Male) |
| 15:13 | Construir | House |
| 15:33 | Construir | Blacksmith |
| 15:39 | Crear | Villager (Male) |
| 15:50 | Crear | Scout Cavalry |
| 15:52 | Crear | Scout Cavalry |
| 16:42 | Crear | Villager (Male) |
| 16:43 | Crear | Scout Cavalry |
| 16:43 | Crear | Scout Cavalry |
| 16:46 | Investigar | Forging |
| 16:49 | Crear | Villager (Male) |
| 17:13 | Crear | Villager (Male) |
| 17:17 | Construir | House |
| 17:18 | Construir | House |
| 17:27 | Crear | Villager (Male) |
| 18:15 | Crear | Villager (Male) |
| 18:18 | Construir | Pasture |
| 18:20 | Investigar | Tech 1014 |
| 18:20 | Investigar | Tech 1014 |
| 18:41 | Crear | Villager (Male) |
| 18:44 | Construir | Pasture |
| 18:45 | Construir | Pasture |
| 19:01 | Construir | Pasture |
| 19:33 | Construir | Pasture |
| 19:34 | Crear | Villager (Male) |
| 20:17 | Construir | Pasture |
| 20:19 | Crear | Villager (Male) |
| 20:33 | Crear | Villager (Male) |
| 20:55 | Construir | Pasture |
| 20:59 | Investigar | Castle Age |
| 20:59 | Investigar | Castle Age |
| 21:42 | Crear | Scout Cavalry |
| 21:57 | Crear | Scout Cavalry |
| 21:57 | Crear | Scout Cavalry |
| 21:57 | Crear | Scout Cavalry |
| 21:58 | Crear | Scout Cavalry |
| 22:29 | Construir | House |
| 22:30 | Construir | House |
| 22:31 | Construir | House |
| 22:32 | Construir | House |
| 23:19 | Crear | Villager (Male) |
| 23:49 | Edad | Edad de los Castillos |
| 23:50 | Crear | Villager (Male) |
| 23:55 | Investigar | Husbandry |
| 23:55 | Investigar | Husbandry |
| 23:57 | Investigar | Light Cavalry (upgrade) |
| 23:57 | Investigar | Light Cavalry (upgrade) |
| 23:57 | Investigar | Light Cavalry (upgrade) |
| 24:02 | Construir | Monastery |
| 24:03 | Crear | Villager (Male) |
| 24:14 | Investigar | Iron Casting |
| 24:14 | Investigar | Iron Casting |
| 24:42 | Crear | Scout Cavalry |
| 24:43 | Crear | Scout Cavalry |
| 24:48 | Construir | Town Center |
| 24:50 | Crear | Monk |
| 24:51 | Crear | Monk |
| 25:18 | Crear | Scout Cavalry |
| 25:20 | Crear | Scout Cavalry |
| 25:20 | Crear | Scout Cavalry |
| 25:20 | Crear | Scout Cavalry |
| 25:47 | Crear | Scout Cavalry |
| 26:07 | Crear | Villager (Male) |
| 26:09 | Crear | Villager (Male) |
| 26:12 | Crear | Scout Cavalry |
| 26:12 | Crear | Scout Cavalry |
| 26:12 | Crear | Scout Cavalry |
| 26:15 | Crear | Villager (Male) |
| 26:17 | Construir | Pasture |
| 26:17 | Construir | Pasture |
| 26:18 | Construir | Pasture |
| 26:18 | Construir | Pasture |
| 26:18 | Construir | Pasture |
| 26:18 | Construir | Pasture |
| 26:18 | Construir | Pasture |
| 26:19 | Construir | Pasture |
| 26:21 | Crear | Villager (Male) |
| 26:35 | Crear | Scout Cavalry |
| 26:35 | Crear | Scout Cavalry |
| 26:36 | Crear | Scout Cavalry |
| 26:52 | Crear | Steppe Lancer |
| 26:52 | Crear | Steppe Lancer |
| 27:22 | Investigar | Scale Barding Armor |
| 27:22 | Investigar | Scale Barding Armor |
| 27:22 | Investigar | Scale Barding Armor |
| 27:25 | Construir | Pasture |
Build order — JR | Original Poringo
Primeras 150 de 495 acciones detectadas
| 0:37 | Construir | Town Center |
| 0:59 | Construir | Lumber Camp |
| 1:01 | Construir | House |
| 2:46 | Crear | Villager (Male) |
| 2:46 | Crear | Villager (Male) |
| 2:47 | Crear | Villager (Male) |
| 3:19 | Investigar | Loom |
| 3:50 | Crear | Villager (Male) |
| 4:09 | Construir | House |
| 4:11 | Crear | Villager (Male) |
| 4:54 | Crear | Villager (Male) |
| 5:28 | Crear | Villager (Male) |
| 5:55 | Crear | Villager (Male) |
| 6:35 | Crear | Villager (Male) |
| 6:41 | Crear | Villager (Male) |
| 6:57 | Construir | House |
| 7:18 | Crear | Villager (Male) |
| 7:32 | Crear | Villager (Male) |
| 7:59 | Construir | Mill |
| 8:05 | Crear | Villager (Male) |
| 8:51 | Crear | Villager (Male) |
| 8:55 | Crear | Villager (Male) |
| 9:54 | Crear | Villager (Male) |
| 9:54 | Crear | Villager (Male) |
| 10:00 | Construir | House |
| 10:22 | Crear | Villager (Male) |
| 10:47 | Crear | Villager (Male) |
| 10:47 | Crear | Villager (Male) |
| 10:47 | Crear | Villager (Male) |
| 10:52 | Construir | Mining Camp |
| 11:31 | Investigar | Feudal Age |
| 11:48 | Construir | House |
| 12:45 | Construir | Mill |
| 13:07 | Crear | Villager (Male) |
| 14:34 | Edad | Edad Feudal |
| 14:50 | Construir | Market |
| 15:00 | Construir | Blacksmith |
| 15:16 | Construir | House |
| 15:18 | Construir | Palisade Wall |
| 15:30 | Construir | Palisade Wall |
| 15:44 | Construir | Mill |
| 15:58 | Investigar | Castle Age |
| 17:21 | Construir | Watch Tower |
| 18:33 | Crear | Villager (Male) |
| 18:37 | Investigar | Fletching |
| 18:38 | Edad | Edad de los Castillos |
| 18:53 | Construir | Castle |
| 19:03 | Crear | Villager (Male) |
| 19:29 | Crear | Villager (Male) |
| 19:49 | Crear | Villager (Male) |
| 20:05 | Crear | Villager (Male) |
| 20:48 | Crear | Villager (Male) |
| 21:13 | Crear | Camel Archer |
| 21:24 | Construir | Farm |
| 21:33 | Crear | Camel Archer |
| 21:34 | Crear | Camel Archer |
| 21:39 | Crear | Villager (Male) |
| 22:03 | Construir | Farm |
| 22:07 | Crear | Villager (Male) |
| 22:19 | Crear | Camel Archer |
| 23:00 | Construir | Farm |
| 23:04 | Crear | Villager (Male) |
| 23:08 | Crear | Villager (Male) |
| 24:06 | Crear | Villager (Male) |
| 24:06 | Crear | Villager (Male) |
| 24:19 | Crear | Camel Archer |
| 24:42 | Crear | Villager (Male) |
| 24:42 | Crear | Villager (Male) |
| 25:19 | Crear | Villager (Male) |
| 25:19 | Crear | Villager (Male) |
| 25:29 | Crear | Villager (Male) |
| 25:45 | Crear | Villager (Male) |
| 25:46 | Crear | Camel Archer |
| 25:47 | Crear | Camel Archer |
| 26:07 | Construir | Town Center |
| 26:26 | Crear | Villager (Male) |
| 26:54 | Crear | Villager (Male) |
| 27:17 | Construir | Town Center |
| 27:23 | Crear | Villager (Male) |
| 28:09 | Crear | Villager (Male) |
| 28:09 | Crear | Villager (Male) |
| 28:17 | Crear | Camel Archer |
| 28:17 | Crear | Camel Archer |
| 28:17 | Crear | Camel Archer |
| 28:18 | Crear | Camel Archer |
| 28:54 | Crear | Camel Archer |
| 28:55 | Crear | Villager (Male) |
| 28:56 | Crear | Villager (Male) |
| 28:56 | Crear | Villager (Male) |
| 28:57 | Crear | Villager (Male) |
| 29:42 | Crear | Villager (Male) |
| 29:42 | Crear | Villager (Male) |
| 29:42 | Crear | Villager (Male) |
| 30:38 | Crear | Villager (Male) |
| 30:40 | Crear | Villager (Male) |
| 30:40 | Crear | Villager (Male) |
| 30:51 | Construir | Farm |
| 30:53 | Construir | Farm |
| 30:55 | Crear | Villager (Male) |
| 31:20 | Crear | Camel Archer |
| 31:41 | Construir | Town Center |
| 32:08 | Crear | Camel Archer |
| 32:20 | Crear | Villager (Male) |
| 32:21 | Crear | Villager (Male) |
| 32:34 | Crear | Villager (Male) |
| 32:34 | Crear | Villager (Male) |
| 32:35 | Crear | Villager (Male) |
| 32:46 | Crear | Camel Archer |
| 32:47 | Crear | Camel Archer |
| 33:13 | Crear | Villager (Male) |
| 33:29 | Construir | Town Center |
| 33:42 | Crear | Villager (Male) |
| 34:05 | Crear | Camel Archer |
| 34:46 | Crear | Villager (Male) |
| 34:54 | Crear | Villager (Male) |
| 34:54 | Crear | Villager (Male) |
| 35:04 | Construir | Farm |
| 35:05 | Crear | Villager (Male) |
| 35:39 | Crear | Villager (Male) |
| 35:39 | Crear | Villager (Male) |
| 35:51 | Crear | Villager (Male) |
| 35:51 | Crear | Villager (Male) |
| 36:04 | Investigar | Bodkin Arrow |
| 36:13 | Crear | Villager (Male) |
| 36:52 | Crear | Villager (Male) |
| 36:53 | Crear | Villager (Male) |
| 37:01 | Construir | Farm |
| 37:09 | Crear | Villager (Male) |
| 37:10 | Crear | Camel Archer |
| 37:11 | Crear | Camel Archer |
| 37:33 | Investigar | Padded Archer Armor |
| 37:35 | Crear | Villager (Male) |
| 37:44 | Construir | Farm |
| 37:48 | Construir | Farm |
| 37:50 | Crear | Villager (Male) |
| 37:51 | Crear | Villager (Male) |
| 37:53 | Crear | Camel Archer |
| 38:06 | Crear | Villager (Male) |
| 38:15 | Crear | Villager (Male) |
| 38:21 | Construir | Farm |
| 38:25 | Crear | Camel Archer |
| 38:42 | Crear | Villager (Male) |
| 38:43 | Crear | Camel Archer |
| 38:58 | Crear | Villager (Male) |
| 38:59 | Crear | Villager (Male) |
| 39:07 | Crear | Villager (Male) |
| 39:07 | Crear | Villager (Male) |
| 39:13 | Crear | Villager (Male) |
| 39:15 | Crear | Camel Archer |
| 39:27 | Construir | University |
Build order — TeamCandy
Primeras 150 de 720 acciones detectadas
| 0:17 | Construir | Town Center |
| 0:35 | Construir | Mill |
| 0:41 | Construir | House |
| 2:30 | Construir | House |
| 2:31 | Crear | Villager (Male) |
| 2:31 | Crear | Villager (Male) |
| 2:32 | Crear | Villager (Male) |
| 2:32 | Crear | Villager (Male) |
| 2:32 | Crear | Villager (Male) |
| 2:32 | Crear | Villager (Male) |
| 2:33 | Crear | Villager (Male) |
| 3:24 | Crear | Villager (Male) |
| 3:24 | Crear | Villager (Male) |
| 3:24 | Crear | Villager (Male) |
| 3:24 | Crear | Villager (Male) |
| 3:24 | Crear | Villager (Male) |
| 4:05 | Crear | Villager (Male) |
| 4:05 | Crear | Villager (Male) |
| 4:05 | Crear | Villager (Male) |
| 4:05 | Crear | Villager (Male) |
| 4:05 | Crear | Villager (Male) |
| 4:38 | Crear | Villager (Male) |
| 4:38 | Crear | Villager (Male) |
| 4:38 | Crear | Villager (Male) |
| 4:38 | Crear | Villager (Male) |
| 4:38 | Crear | Villager (Male) |
| 5:21 | Crear | Villager (Male) |
| 5:21 | Crear | Villager (Male) |
| 5:21 | Crear | Villager (Male) |
| 5:21 | Crear | Villager (Male) |
| 5:21 | Crear | Villager (Male) |
| 5:21 | Crear | Villager (Male) |
| 5:50 | Crear | Villager (Male) |
| 5:50 | Crear | Villager (Male) |
| 5:50 | Crear | Villager (Male) |
| 6:18 | Crear | Villager (Male) |
| 6:18 | Crear | Villager (Male) |
| 6:18 | Crear | Villager (Male) |
| 6:18 | Crear | Villager (Male) |
| 6:29 | Crear | Villager (Male) |
| 6:41 | Crear | Villager (Male) |
| 6:41 | Crear | Villager (Male) |
| 6:41 | Crear | Villager (Male) |
| 7:11 | Construir | House |
| 7:28 | Construir | Lumber Camp |
| 7:31 | Crear | Villager (Male) |
| 7:31 | Crear | Villager (Male) |
| 7:31 | Crear | Villager (Male) |
| 7:31 | Crear | Villager (Male) |
| 7:47 | Crear | Villager (Male) |
| 7:47 | Crear | Villager (Male) |
| 7:47 | Crear | Villager (Male) |
| 7:47 | Crear | Villager (Male) |
| 7:48 | Crear | Villager (Male) |
| 7:52 | Crear | Villager (Male) |
| 7:52 | Crear | Villager (Male) |
| 7:52 | Crear | Villager (Male) |
| 7:52 | Crear | Villager (Male) |
| 7:52 | Crear | Villager (Male) |
| 7:52 | Crear | Villager (Male) |
| 7:57 | Crear | Villager (Male) |
| 7:57 | Crear | Villager (Male) |
| 7:57 | Crear | Villager (Male) |
| 7:57 | Crear | Villager (Male) |
| 7:58 | Crear | Villager (Male) |
| 8:10 | Construir | Palisade Wall |
| 8:40 | Crear | Villager (Male) |
| 8:40 | Crear | Villager (Male) |
| 8:40 | Crear | Villager (Male) |
| 8:40 | Crear | Villager (Male) |
| 8:40 | Crear | Villager (Male) |
| 9:09 | Crear | Villager (Male) |
| 9:09 | Crear | Villager (Male) |
| 9:09 | Crear | Villager (Male) |
| 9:29 | Crear | Villager (Male) |
| 9:29 | Crear | Villager (Male) |
| 9:29 | Crear | Villager (Male) |
| 10:04 | Construir | Mill |
| 10:08 | Construir | House |
| 10:12 | Investigar | Loom |
| 10:33 | Crear | Villager (Male) |
| 10:35 | Crear | Villager (Male) |
| 11:04 | Investigar | Feudal Age |
| 11:23 | Construir | Mining Camp |
| 11:51 | Crear | Villager (Male) |
| 12:39 | Crear | Villager (Male) |
| 13:37 | Edad | Edad Feudal |
| 13:47 | Construir | Market |
| 14:16 | Construir | Palisade Wall |
| 14:18 | Construir | Palisade Wall |
| 14:27 | Construir | Palisade Wall |
| 14:29 | Construir | Palisade Wall |
| 14:35 | Crear | Villager (Male) |
| 15:11 | Crear | Villager (Male) |
| 15:15 | Construir | Blacksmith |
| 15:24 | Investigar | Town Watch |
| 15:34 | Investigar | Castle Age |
| 16:11 | Construir | Palisade Wall |
| 16:16 | Construir | Palisade Wall |
| 16:20 | Crear | Villager (Male) |
| 16:21 | Crear | Villager (Male) |
| 16:32 | Construir | Palisade Wall |
| 16:37 | Construir | House |
| 16:39 | Construir | Palisade Wall |
| 16:41 | Construir | Palisade Wall |
| 16:46 | Construir | House |
| 16:47 | Construir | Palisade Wall |
| 16:49 | Construir | Palisade Wall |
| 16:53 | Crear | Villager (Male) |
| 16:57 | Crear | Villager (Male) |
| 17:07 | Construir | Mining Camp |
| 17:14 | Construir | Palisade Wall |
| 17:34 | Construir | Palisade Wall |
| 18:29 | Edad | Edad de los Castillos |
| 18:34 | Construir | House |
| 18:43 | Crear | Villager (Male) |
| 18:55 | Construir | Barracks |
| 18:59 | Construir | Palisade Wall |
| 19:00 | Construir | Palisade Wall |
| 19:05 | Construir | Palisade Wall |
| 19:10 | Construir | Palisade Wall |
| 19:11 | Construir | Palisade Wall |
| 19:13 | Crear | Villager (Male) |
| 19:29 | Crear | Villager (Male) |
| 19:41 | Crear | Spearman |
| 19:55 | Construir | House |
| 20:50 | Crear | Villager (Male) |
| 20:53 | Construir | Castle |
| 20:59 | Construir | House |
| 21:00 | Construir | Palisade Wall |
| 21:11 | Crear | Spearman |
| 21:13 | Crear | Villager (Male) |
| 21:56 | Construir | Town Center |
| 21:58 | Crear | Conquistador |
| 21:59 | Crear | Conquistador |
| 22:24 | Construir | Mill |
| 23:29 | Crear | Villager (Male) |
| 23:30 | Crear | Villager (Male) |
| 23:30 | Crear | Villager (Male) |
| 23:37 | Crear | Villager (Male) |
| 23:46 | Construir | Farm |
| 23:57 | Crear | Villager (Male) |
| 23:57 | Crear | Villager (Male) |
| 23:57 | Crear | Villager (Male) |
| 24:07 | Investigar | Double-Bit Axe |
| 24:07 | Investigar | Double-Bit Axe |
| 24:19 | Crear | Villager (Male) |
| 24:25 | Crear | Villager (Male) |
| 24:25 | Crear | Villager (Male) |
| 24:39 | Crear | Villager (Male) |
Build order — StarOfDeath
Primeras 150 de 496 acciones detectadas
| 0:07 | Construir | Town Center |
| 0:45 | Construir | House |
| 2:04 | Construir | Palisade Wall |
| 2:08 | Construir | Palisade Wall |
| 2:11 | Construir | Palisade Wall |
| 2:35 | Investigar | Loom |
| 2:36 | Crear | Villager (Male) |
| 2:36 | Crear | Villager (Male) |
| 2:36 | Crear | Villager (Male) |
| 2:36 | Crear | Villager (Male) |
| 3:51 | Crear | Villager (Male) |
| 4:48 | Crear | Villager (Male) |
| 4:48 | Crear | Villager (Male) |
| 5:19 | Crear | Villager (Male) |
| 5:22 | Construir | House |
| 5:46 | Crear | Villager (Male) |
| 5:47 | Crear | Villager (Male) |
| 5:47 | Crear | Villager (Male) |
| 5:47 | Crear | Villager (Male) |
| 5:57 | Construir | Lumber Camp |
| 6:28 | Construir | Palisade Wall |
| 6:41 | Construir | Palisade Wall |
| 7:18 | Crear | Villager (Male) |
| 7:18 | Crear | Villager (Male) |
| 7:19 | Crear | Villager (Male) |
| 7:19 | Crear | Villager (Male) |
| 7:19 | Crear | Villager (Male) |
| 7:24 | Construir | House |
| 8:39 | Crear | Villager (Male) |
| 9:11 | Construir | House |
| 9:18 | Construir | Mill |
| 9:34 | Crear | Villager (Male) |
| 9:34 | Crear | Villager (Male) |
| 9:36 | Crear | Villager (Male) |
| 9:36 | Crear | Villager (Male) |
| 10:52 | Investigar | Feudal Age |
| 10:59 | Construir | House |
| 11:33 | Crear | Villager (Male) |
| 11:34 | Crear | Villager (Male) |
| 13:24 | Edad | Edad Feudal |
| 13:25 | Construir | Market |
| 13:29 | Construir | Blacksmith |
| 14:14 | Investigar | Castle Age |
| 15:08 | Investigar | Town Watch |
| 15:28 | Construir | Barracks |
| 15:51 | Crear | Villager (Male) |
| 15:51 | Crear | Villager (Male) |
| 16:10 | Construir | Palisade Wall |
| 16:12 | Construir | Palisade Wall |
| 16:13 | Construir | Palisade Wall |
| 16:22 | Construir | Palisade Wall |
| 16:54 | Edad | Edad de los Castillos |
| 17:10 | Construir | Castle |
| 17:25 | Crear | Villager (Male) |
| 17:25 | Crear | Villager (Male) |
| 17:25 | Crear | Villager (Male) |
| 17:48 | Construir | Stable |
| 18:12 | Crear | Villager (Male) |
| 18:36 | Crear | Ghulam |
| 19:13 | Crear | Ghulam |
| 19:13 | Crear | Ghulam |
| 19:29 | Crear | Ghulam |
| 19:58 | Crear | Ghulam |
| 19:58 | Crear | Ghulam |
| 20:10 | Crear | Ghulam |
| 20:11 | Crear | Villager (Male) |
| 20:12 | Crear | Villager (Male) |
| 20:12 | Crear | Villager (Male) |
| 20:55 | Construir | Farm |
| 21:02 | Construir | Farm |
| 21:04 | Construir | Farm |
| 21:28 | Crear | Villager (Male) |
| 21:29 | Crear | Ghulam |
| 21:29 | Crear | Ghulam |
| 21:33 | Investigar | Scale Mail Armor |
| 21:33 | Investigar | Scale Mail Armor |
| 21:48 | Crear | Ghulam |
| 22:30 | Investigar | Squires |
| 22:30 | Investigar | Squires |
| 22:42 | Construir | Farm |
| 22:44 | Construir | Farm |
| 22:54 | Crear | Ghulam |
| 22:54 | Crear | Ghulam |
| 23:17 | Crear | Ghulam |
| 23:34 | Crear | Ghulam |
| 23:34 | Crear | Ghulam |
| 24:20 | Construir | Castle |
| 25:23 | Crear | Ghulam |
| 25:23 | Crear | Ghulam |
| 26:01 | Crear | Ghulam ×2 |
| 26:01 | Crear | Ghulam ×2 |
| 26:02 | Crear | Villager (Male) |
| 26:02 | Crear | Villager (Male) |
| 26:48 | Crear | Ghulam ×2 |
| 26:48 | Crear | Ghulam ×2 |
| 27:22 | Crear | Villager (Male) |
| 27:22 | Crear | Villager (Male) |
| 28:19 | Construir | Farm |
| 28:20 | Crear | Villager (Male) |
| 28:21 | Crear | Villager (Male) |
| 28:21 | Crear | Villager (Male) |
| 29:40 | Construir | Town Center |
| 30:00 | Crear | Ghulam |
| 30:00 | Crear | Ghulam |
| 30:00 | Crear | Ghulam |
| 30:00 | Crear | Ghulam |
| 30:43 | Crear | Ghulam |
| 31:14 | Crear | Villager (Male) |
| 31:46 | Crear | Villager (Male) |
| 31:46 | Crear | Villager (Male) |
| 32:12 | Construir | Town Center |
| 32:21 | Crear | Villager (Male) |
| 32:21 | Crear | Villager (Male) |
| 32:35 | Investigar | Arson |
| 32:47 | Crear | Villager (Male) |
| 32:51 | Construir | Farm |
| 33:07 | Crear | Ghulam |
| 33:07 | Crear | Ghulam |
| 33:22 | Crear | Villager (Male) |
| 33:22 | Crear | Villager (Male) |
| 33:22 | Crear | Villager (Male) |
| 33:22 | Crear | Villager (Male) |
| 33:23 | Crear | Villager (Male) |
| 33:45 | Investigar | Double-Bit Axe |
| 33:46 | Investigar | Double-Bit Axe |
| 33:54 | Crear | Ghulam ×4 |
| 33:54 | Crear | Ghulam ×4 |
| 34:11 | Crear | Villager (Male) |
| 34:18 | Investigar | Horse Collar |
| 34:18 | Investigar | Horse Collar |
| 34:54 | Crear | Villager (Male) |
| 34:55 | Crear | Villager (Male) |
| 35:52 | Construir | Stable |
| 35:53 | Construir | Stable |
| 35:58 | Construir | Stable |
| 36:10 | Crear | Villager (Male) |
| 36:11 | Crear | Villager (Male) |
| 36:11 | Crear | Villager (Male) |
| 36:11 | Crear | Villager (Male) |
| 36:15 | Construir | Farm |
| 36:17 | Construir | Farm |
| 36:37 | Crear | Villager (Male) |
| 36:37 | Crear | Villager (Male) |
| 36:38 | Crear | Villager (Male) |
| 36:53 | Investigar | Bloodlines |
| 37:02 | Construir | House |
| 37:07 | Construir | Farm |
| 37:08 | Construir | Farm |
| 37:09 | Construir | Farm |
| 37:11 | Crear | Villager (Male) |
Build order — Isaquiles
Primeras 150 de 808 acciones detectadas
| 0:40 | Construir | House |
| 1:10 | Construir | Town Center |
| 1:57 | Construir | House |
| 3:09 | Construir | House |
| 3:22 | Construir | House |
| 3:37 | Crear | Villager (Male) |
| 3:37 | Crear | Villager (Male) |
| 3:38 | Crear | Villager (Male) |
| 3:38 | Crear | Villager (Male) |
| 3:38 | Crear | Villager (Male) |
| 4:47 | Crear | Villager (Male) |
| 4:47 | Crear | Villager (Male) |
| 5:34 | Crear | Villager (Male) |
| 5:34 | Crear | Villager (Male) |
| 5:34 | Crear | Villager (Male) |
| 5:49 | Construir | Lumber Camp |
| 6:16 | Crear | Villager (Male) |
| 6:16 | Crear | Villager (Male) |
| 6:16 | Crear | Villager (Male) |
| 6:51 | Construir | House |
| 7:00 | Crear | Villager (Male) |
| 7:00 | Crear | Villager (Male) |
| 7:26 | Construir | House |
| 8:09 | Crear | Villager (Male) |
| 8:20 | Crear | Villager (Male) |
| 8:29 | Construir | Mining Camp |
| 8:53 | Crear | Villager (Male) |
| 8:54 | Crear | Villager (Male) |
| 8:54 | Crear | Villager (Male) |
| 9:06 | Crear | Villager (Male) |
| 9:43 | Investigar | Loom |
| 10:44 | Investigar | Feudal Age |
| 11:17 | Construir | Barracks |
| 11:28 | Crear | Villager (Male) |
| 11:55 | Crear | Villager (Male) |
| 12:04 | Construir | House |
| 12:17 | Construir | House |
| 12:49 | Crear | Villager (Male) |
| 13:10 | Crear | Villager (Male) |
| 13:17 | Edad | Edad Feudal |
| 13:19 | Investigar | Double-Bit Axe |
| 13:23 | Construir | Archery Range |
| 13:25 | Construir | Archery Range |
| 13:33 | Crear | Villager (Male) |
| 13:35 | Crear | Villager (Male) |
| 13:53 | Construir | Mill |
| 14:03 | Crear | Villager (Male) |
| 14:10 | Crear | Archer |
| 14:10 | Crear | Archer |
| 14:34 | Construir | Palisade Gate |
| 14:38 | Construir | House |
| 14:42 | Crear | Villager (Male) |
| 14:51 | Crear | Archer |
| 14:53 | Crear | Archer |
| 14:54 | Crear | Archer |
| 14:57 | Construir | House |
| 14:58 | Construir | House |
| 15:00 | Crear | Villager (Male) |
| 15:06 | Investigar | Town Watch |
| 15:21 | Investigar | Horse Collar |
| 15:28 | Crear | Archer |
| 15:29 | Crear | Archer |
| 15:34 | Crear | Villager (Male) |
| 15:50 | Crear | Villager (Male) |
| 15:55 | Crear | Archer |
| 15:55 | Crear | Archer |
| 16:02 | Construir | Blacksmith |
| 16:06 | Crear | Villager (Male) |
| 16:19 | Crear | Villager (Male) |
| 16:28 | Crear | Archer |
| 16:28 | Crear | Archer |
| 16:44 | Crear | Villager (Male) |
| 17:20 | Crear | Villager (Male) |
| 17:32 | Crear | Archer |
| 17:32 | Crear | Archer |
| 17:33 | Crear | Villager (Male) |
| 17:56 | Crear | Villager (Male) |
| 18:04 | Investigar | Fletching |
| 18:04 | Investigar | Padded Archer Armor |
| 18:12 | Crear | Archer |
| 18:12 | Crear | Archer |
| 18:13 | Crear | Villager (Male) |
| 18:21 | Construir | House |
| 18:22 | Construir | House |
| 18:23 | Construir | House |
| 18:26 | Construir | House |
| 18:27 | Crear | Villager (Male) |
| 18:27 | Crear | Villager (Male) |
| 19:18 | Crear | Villager (Male) |
| 19:19 | Crear | Villager (Male) |
| 19:19 | Crear | Villager (Male) |
| 20:15 | Crear | Villager (Male) |
| 20:15 | Crear | Villager (Male) |
| 20:23 | Construir | Farm |
| 20:25 | Construir | Farm |
| 20:26 | Construir | Farm |
| 20:27 | Construir | Farm |
| 20:31 | Construir | Mining Camp |
| 20:32 | Crear | Villager (Male) |
| 20:54 | Crear | Archer |
| 20:54 | Crear | Archer |
| 20:54 | Crear | Archer |
| 20:55 | Crear | Archer |
| 20:59 | Construir | House |
| 21:00 | Construir | House |
| 21:01 | Construir | House |
| 21:13 | Construir | Farm |
| 21:14 | Construir | Farm |
| 21:28 | Crear | Villager (Male) |
| 21:29 | Crear | Villager (Male) |
| 21:31 | Crear | Villager (Male) |
| 21:40 | Crear | Archer |
| 21:41 | Crear | Archer |
| 21:41 | Crear | Archer |
| 22:13 | Construir | Farm |
| 22:40 | Crear | Villager (Male) |
| 22:49 | Construir | Farm |
| 23:11 | Construir | Archery Range |
| 23:59 | Investigar | Padded Archer Armor |
| 24:02 | Crear | Villager (Male) |
| 24:22 | Construir | Watch Tower |
| 25:06 | Investigar | Castle Age |
| 25:36 | Construir | House |
| 25:38 | Construir | House |
| 25:58 | Construir | Market |
| 26:04 | Construir | Palisade Wall |
| 26:12 | Construir | House |
| 27:29 | Crear | Villager (Male) |
| 27:46 | Edad | Edad de los Castillos |
| 29:38 | Construir | Town Center |
| 30:32 | Construir | Town Center |
| 31:15 | Crear | Villager (Male) |
| 31:15 | Crear | Villager (Male) |
| 31:16 | Crear | Villager (Male) |
| 31:16 | Crear | Villager (Male) |
| 31:16 | Crear | Villager (Male) |
| 31:16 | Crear | Villager (Male) |
| 32:52 | Crear | Villager (Male) |
| 33:25 | Crear | Villager (Male) |
| 33:25 | Crear | Villager (Male) |
| 33:31 | Construir | Mining Camp |
| 33:49 | Crear | Villager (Male) |
| 34:26 | Crear | Villager (Male) |
| 34:29 | Crear | Villager (Male) |
| 34:29 | Crear | Villager (Male) |
| 35:01 | Crear | Villager (Male) |
| 35:01 | Crear | Villager (Male) |
| 35:25 | Crear | Villager (Male) |
| 35:49 | Crear | Villager (Male) |
| 36:07 | Crear | Villager (Male) |
Cronología de la partida
| 2:04 | StarOfDeath · wall_segment Palisade Wall x1 |
| 2:08 | StarOfDeath · wall_segment Palisade Wall x1 |
| 2:11 | StarOfDeath · wall_segment Palisade Wall x1 |
| 4:40 | _kuranes · wall_segment Palisade Wall x1 |
| 4:45 | _kuranes · wall_segment Palisade Wall x1 |
| 6:28 | StarOfDeath · wall_segment Palisade Wall x1 |
| 6:41 | StarOfDeath · wall_segment Palisade Wall x1 |
| 8:10 | TeamCandy · wall_segment Palisade Wall x1 |
| 10:09 | JR | Cerbs98 · first_building Barracks |
| 11:12 | JR | Cerbs98 · wall_segment Palisade Wall x1 |
| 11:15 | _kuranes · first_building Barracks |
| 11:17 | Isaquiles · first_building Barracks |
| 11:36 | JR | Cerbs98 · age_up feudal |
| 11:38 | JR | Cerbs98 · first_building Stable |
| 11:44 | _kuranes · wall_segment Palisade Wall x1 |
| 11:49 | _kuranes · wall_segment Palisade Wall x3 |
| 12:20 | _kuranes · wall_segment Palisade Wall x1 |
| 12:34 | _kuranes · age_up feudal |
| 13:17 | Isaquiles · age_up feudal |
| 13:23 | Isaquiles · first_building Archery Range |
| 13:24 | StarOfDeath · age_up feudal |
| 13:34 | _kuranes · first_building Stable |
| 13:37 | TeamCandy · age_up feudal |
| 13:55 | JR | Cerbs98 · wall_segment Palisade Wall x2 |
| 13:56 | JR | Cerbs98 · wall_segment Palisade Wall x1 |
| 14:16 | TeamCandy · wall_segment Palisade Wall x1 |
| 14:18 | TeamCandy · wall_segment Palisade Wall x1 |
| 14:20 | JR | Cerbs98 · wall_segment Palisade Wall x3 |
| 14:27 | TeamCandy · wall_segment Palisade Wall x1 |
| 14:29 | TeamCandy · wall_segment Palisade Wall x1 |
| 14:34 | JR | Original Poringo · age_up feudal |
| 15:18 | JR | Original Poringo · wall_segment Palisade Wall x1 |
| 15:28 | StarOfDeath · first_building Barracks |
| 15:30 | JR | Original Poringo · wall_segment Palisade Wall x1 |
| 15:55 | JR | Original Poringo · first_market_sell 100 food |
| 16:10 | StarOfDeath · wall_segment Palisade Wall x1 |
| 16:11 | TeamCandy · wall_segment Palisade Wall x1 |
| 16:12 | StarOfDeath · wall_segment Palisade Wall x1 |
| 16:13 | StarOfDeath · wall_segment Palisade Wall x1 |
| 16:16 | TeamCandy · wall_segment Palisade Wall x1 |
| 16:22 | StarOfDeath · wall_segment Palisade Wall x1 |
| 16:32 | TeamCandy · wall_segment Palisade Wall x1 |
| 16:39 | TeamCandy · wall_segment Palisade Wall x1 |
| 16:41 | TeamCandy · wall_segment Palisade Wall x1 |
| 16:47 | TeamCandy · wall_segment Palisade Wall x1 |
| 16:49 | TeamCandy · wall_segment Palisade Wall x1 |
| 16:54 | StarOfDeath · age_up castle |
| 17:10 | StarOfDeath · first_building Castle |
| 17:14 | TeamCandy · wall_segment Palisade Wall x1 |
| 17:34 | TeamCandy · wall_segment Palisade Wall x1 |
| 17:48 | StarOfDeath · first_building Stable |
| 18:29 | TeamCandy · age_up castle |
| 18:38 | JR | Original Poringo · age_up castle |
| 18:42 | TeamCandy · first_market_buy 100 food |
| 18:47 | JR | Original Poringo · first_market_buy 100 stone |
| 18:53 | JR | Original Poringo · first_building Castle |
| 18:55 | TeamCandy · first_building Barracks |
| 18:59 | TeamCandy · wall_segment Palisade Wall x2 |
| 19:00 | TeamCandy · wall_segment Palisade Wall x1 |
| 19:05 | TeamCandy · wall_segment Palisade Wall x1 |
| 19:10 | TeamCandy · wall_segment Palisade Wall x1 |
| 19:11 | TeamCandy · wall_segment Palisade Wall x1 |
| 19:12 | StarOfDeath · first_market_buy 100 food |
| 20:53 | TeamCandy · first_building Castle |
| 21:00 | TeamCandy · wall_segment Palisade Wall x1 |
| 21:32 | JR | Cerbs98 · age_up castle |
| 23:49 | _kuranes · age_up castle |
| 24:02 | _kuranes · first_building Monastery |
| 26:04 | Isaquiles · wall_segment Palisade Wall x1 |
| 26:39 | JR | Cerbs98 · first_building Siege Workshop |
| 26:41 | JR | Cerbs98 · first_market_buy 100 food |
| 26:52 | JR | Cerbs98 · first_market_sell 100 wood |
| 27:01 | TeamCandy · first_building Stable |
| 27:46 | Isaquiles · age_up castle |
| 29:13 | TeamCandy · first_building Monastery |
| 33:10 | JR | Cerbs98 · first_building Monastery |
| 35:44 | JR | Cerbs98 · first_building Castle |
| 35:47 | _kuranes · first_market_buy 100 stone |
| 35:56 | _kuranes · first_building Castle |
| 37:55 | _kuranes · wall_segment Palisade Wall x1 |
| 38:10 | Isaquiles · wall_segment Palisade Wall x3 |
| 40:24 | _kuranes · age_up imperial |
| 40:37 | StarOfDeath · first_building Siege Workshop |
| 41:25 | Isaquiles · wall_segment Palisade Wall x4 |
| 42:10 | Isaquiles · first_building Castle |
| 42:50 | Isaquiles · wall_segment Palisade Wall x7 |
| 44:07 | _kuranes · tribute_sent a jugador 2 |
| 44:07 | _kuranes · tribute_sent a jugador 3 |
| 44:07 | _kuranes · tribute_sent a jugador 4 |
| 44:07 | _kuranes · tribute_sent a jugador 5 |
| 44:07 | _kuranes · tribute_sent a jugador 6 |
| 44:26 | Isaquiles · wall_segment Palisade Wall x3 |
| 45:11 | Isaquiles · wall_segment Palisade Wall x3 |
| 45:13 | Isaquiles · wall_segment Palisade Wall x2 |
| 45:17 | StarOfDeath · first_building Monastery |
| 45:37 | JR | Original Poringo · first_building Barracks |
| 47:33 | Isaquiles · first_building Monastery |
| 48:12 | JR | Cerbs98 · age_up imperial |
| 50:07 | TeamCandy · first_building Siege Workshop |
| 51:39 | TeamCandy · age_up imperial |
| 51:49 | _kuranes · first_building Archery Range |
| 52:11 | StarOfDeath · first_market_sell 100 food |
| 53:19 | TeamCandy · first_market_sell 100 food |
| 53:27 | JR | Original Poringo · first_building Stable |
| 53:55 | Isaquiles · wall_segment Palisade Wall x3 |
| 54:28 | Isaquiles · first_market_sell 100 wood |
| 54:41 | Isaquiles · wall_segment Palisade Wall x1 |
| 56:01 | Isaquiles · wall_segment Stone Wall x1 |
| 56:04 | Isaquiles · wall_segment Stone Wall x10 |
| 56:05 | StarOfDeath · age_up imperial |
| 56:45 | Isaquiles · first_market_buy 100 stone |
| 56:50 | Isaquiles · wall_segment Stone Wall x6 |
| 57:42 | Isaquiles · age_up imperial |
| 59:42 | _kuranes · tribute_sent a jugador 2 |
| 59:42 | _kuranes · tribute_sent a jugador 3 |
| 59:42 | _kuranes · tribute_sent a jugador 4 |
| 59:42 | _kuranes · tribute_sent a jugador 5 |
| 59:42 | _kuranes · tribute_sent a jugador 6 |
| 63:54 | _kuranes · first_building Siege Workshop |
| 64:03 | JR | Original Poringo · age_up imperial |
| 68:29 | StarOfDeath · first_building Archery Range |
| 68:55 | _kuranes · tribute_sent a jugador 2 |
| 68:55 | _kuranes · tribute_sent a jugador 3 |
| 68:55 | _kuranes · tribute_sent a jugador 4 |
| 68:55 | _kuranes · tribute_sent a jugador 5 |
| 68:55 | _kuranes · tribute_sent a jugador 6 |
| 76:36 | StarOfDeath · resign |
[ ANÁLISIS IA · 1 CRÉDITO ]
¿Qué pasó realmente en esta partida?
Wolo.gg analiza cada decisión: build order, eco, micro, errores típicos por bracket. Análisis personalizado por WhatsApp o Discord en 30 segundos.
Guía civ
Romanos
Perfil
Jugador #4335874